 Dungeon Crawl Stone Soup version 0.28-a0-1152-g9c71ebef14 (webtiles) character file.

Game seed: 2362801968938849017

28 spaghetti the Sneak (level 3, -3/27 HPs)
             Began as an Octopode Delver on Dec 14, 2021.
             Slain by an ogre (30 damage)
             ... on level 4 of the Dungeon.
             The game lasted 00:00:13 (138 turns).

spaghetti the Sneak (Octopode Delver)                Turns: 138, Time: 00:00:14

Health: -3/27      AC:  1    Str: 13    XL:     3   Next: 12%
Magic:  3/3        EV: 13    Int: 12    God:
Gold:   0          SH:  0    Dex: 13    Spells: 2/2 levels left

rFire   . . .      SeeInvis .   a - +0 hand axe {axe}
rCold   . . .      Faith    .   (no shield)
rNeg    . . .      Spirit   .   (helmet restricted)
rPois   .          Reflect  .   (no amulet)
rElec   .          Harm     .   (no ring)
rCorr   .          Rampage  .   (no ring)
Will    .....                   (no ring)
Stlth   ++++......              (no ring)
HPRegen 0.09/turn               (no ring)
MPRegen 0.08/turn               (no ring)
                                (no ring)
                                (no ring)

@: no status effects
A: almost no armour, amphibious, 8 rings, camouflage 1, gelatinous body 1,
(nimble swimmer 1), tentacles
a: no special abilities


You were on level 4 of the Dungeon.
You visited 1 branch of the dungeon, and saw 3 of its levels.


Innate Abilities, Weirdness & Mutations

You cannot wear most types of armour.
You are amphibious.
You can wear up to eight rings at the same time.
Your skin changes colour to match your surroundings (Stealth+).
Your rubbery body absorbs attacks. (AC +1, EV +1)
((You are camouflaged near water. (Stealth+)))
You have tentacles for arms and can constrict up to eight enemies at once.


   Skills:
 + Level 4.2 Fighting
 - Level 2.0 Axes
 - Level 2.0 Dodging
 - Level 6.6 Stealth


You had 2 spell levels left.
You didn't know any spells.
Your spell library was empty.

Inventory:

Hand Weapons
 a - a +0 hand axe (weapon) {axe}
Missiles
 g - 12 stones (quivered) {throwing}
Armour
 i - a +0 tower shield
   (You found it on level 5 of the Dungeon)
Jewellery
 h - a ring of magical power
   (You found it on level 5 of the Dungeon)
Wands
 f - a wand of digging (3)
Scrolls
 b - a scroll of fog
 c - a scroll of magic mapping {!r}
 d - a scroll of fear
Potions
 e - a potion of haste {@q3}
 j - a potion of mutation {unknown}

Dungeon Overview and Level Annotations

Branches:
Dungeon (6/15)
 Temple: D:4-7

Altars:

# .## ##
##...#
##.###......
#.#.........
#.O@>..K....
#.#....#..?#
# #....# #
#.##.# #..
... ... ....
##. ###. .#


You could see an ogre and a kobold.


Message History

🤖 Initializing magus.rc ...
Options error: Delay interrupt name "hungry" not recognised. (~/.crawlrc:4771) ✅ Successfully initialized magus.rc [v1.9.6] Welcome, spaghetti the Octopode Delver.
Will you prevail where others failed? Will you find the Orb of Zot?
Press ? for a list of commands and other information.
Found a stone staircase leading down.
g - 12 stones {throwing}
h - a ring of magical power You see here a +0 tower shield.
i - a +0 tower shield
(D) Dungeon
Where to? (? - help)
There is a stone staircase leading down here.
You climb downwards.
Found a scroll labelled VESANNY MIYPSA and a wand of digging (2).
Found two stone staircases leading down.
There is a stone staircase leading up here.
An ogre is nearby!
Unknown command.
Unknown command.
Unknown command.
The ogre shouts!
You climb upwards.
There is a stone staircase leading down here.
Unknown command.
Unknown command.
A hound comes into view.
Found a stone staircase leading up.
The helpless hound fails to defend itself.
You hit the hound. Your grab misses the hound. The hound bites you.
The hound bites you but does no damage. 😕 HP[-1]
You take 1 damage, and now have 15/16 hp.
You hit the hound. You grab the hound. You constrict the hound.
The hound misses you. The hound bites you. 😮 HP[-4]
You take 4 damage, and now have 11/16 hp.
MASSIVE DAMAGE!! (PAUSE) Unknown command.
You hit the hound but do no damage. You squeeze the hound!
You kill the hound!
Your Fighting skill increases to level 4!
You have reached level 2!
You have reached level 3!
Your experience leads to an increase in your attributes!
Increase (S)trength, (I)ntelligence, or (D)exterity?
You feel stronger. x2 😮 HP[+8] MP[+2]
You now have 27 max hp (+11).
You regained 8 hp, and now have 19/27 hp.
Your mp is fully restored (3).
Unknown command.
j - a green potion 😎 HP[+8]
Your hp is fully restored (27).
(D) Dungeon
Where to? (Enter - D:6, ? - help)
There is a stone staircase leading up here.
You climb upwards.
The ogre shouts!
The kobold shouts!
There is a stone staircase leading down here.
There are monsters nearby!
Unknown command.
Unknown command.
(D) Dungeon
Where to? (Enter - D:4, ? - help)
There are monsters nearby!
Unknown command.
Unknown command.
There are monsters nearby!
You hit the ogre.
The ogre hits you with a +0 giant spiked club!!
Ouch! That really hurt!
You die...

Skill      XL: |  1 |
---------------+----+-----
Fighting       | 4 |  4.2
Axes           | |  2.0
Dodging        | |  2.0
Stealth        | |  6.6

Action                   || total
-------------------------++-------
Melee: Hand axe          ||     4
       Constrict         ||     1
       Tentacles         ||     1
 Stab: Sleeping          ||     1
Armor: Skin              ||     1
Dodge: Dodged            ||     1

Levels and vault maps discovered:
D:4:      layout_loops_cross
D:5:      layout_loops_cross, minmay_misc_feat_doors,
          nicolae_shop_sticking_my_neck_out
D:6:      layout_layer_cave, general_overflow_altar

Notes
Turn   | Place    | Note
-------+----------+-------------------------------------------
     0 | D:5      | spaghetti the Octopode Delver began the quest for the Orb.
     0 | D:5      | Reached XP level 1. HP: 16/16 MP: 1/1
     0 | D:5      | magus.rc [v1.9.6]
    18 | D:6      | Noticed an ogre
    30 | D:5      | Noticed a hound
    35 | D:5      | Killed a hound
    36 | D:5      | Reached skill level 4 in Fighting
    36 | D:5      | Reached XP level 2. HP: 16/22 MP: 2/2
    36 | D:5      | Reached XP level 3. HP: 19/27 MP: 3/3
   136 | D:4      | Noticed an ogre
   138 | D:4      | Slain by an ogre

Vanquished Creatures
  A hound (D:5)
1 creature vanquished.

Table legend:
 A = Non-vault XP
 B = Vault XP
 C = Vault XP percentage of total XP
 D = Non-vault monster count
 E = Vault monster count
 F = Vault count percentage of total count
                 A         B        C        D         E       F
            +---------+---------+-------+---------+---------+-------
      Total |      40 |       0 |   0.0 |       1 |       0 |   0.0
            +---------+---------+-------+---------+---------+-------
        D:5 |      40 |       0 |   0.0 |       1 |       0 |   0.0
            +---------+---------+-------+---------+---------+-------

Illustrated notes

Table legend:
 A = Kills in this place as a percentage of kills in entire the game.
 B = Kills by you in this place as a percentage of kills by you in the entire game.
 C = Kills by friends in this place as a percentage of kills by friends in the entire game.
 D = Other kills in this place as a percentage of other kills in the entire game.
 E = Experience gained in this place as a percentage of experience gained in the entire game.
 F = Experience gained in this place divided by the number of levels of this place that you have seen.
                   A       B       C       D       E      F
               +-------+-------+-------+-------+-------+----------------------
         Total | 100.0 | 100.0 |   N/A |   N/A | 100.0 |  13.3
       Dungeon | 100.0 | 100.0 |   N/A |   N/A | 100.0 |  13.3
               +-------+-------+-------+-------+-------+----------------------

Table legend: (Time is in decaauts)
 A = Elapsed time spent in this place.
 B = Non-inter-level travel time spent in this place.
 C = Inter-level travel time spent in this place.
 D = Time resting spent in this place.
 E = Time spent auto-exploring this place.
 F = Levels seen in this place.
 G = Mean time per level.
                   A        B        C        D        E       F      G
               +--------+--------+--------+--------+--------+-----+--------+
         Total |    138 |    123 |     15 |      0 |    108 |   3 |   46.0 |
       Dungeon |    138 |    123 |     15 |      0 |    108 |   3 |   46.0 |
               +--------+--------+--------+--------+--------+-----+--------+

Top non-repeatable levels by time:
     D:5: 135 daAuts
     D:6: 1 daAuts
     D:4: 1 daAuts
